Map: Oxide LE

Players

Pumba - Winner!

  • Race: Zerg Zerg
  • League: Diamond
  • Spawn Location: 1:00

llllllllllll

  • Race: Protoss Protoss
  • League: Diamond
  • Spawn Location: 7:00

VOD

Have the link to the VOD?

Description

Time

  • Played on: Aug. 17, 2021, 6:51 p.m.
  • Length: 12:18
Show
View Real Time Build Order
Export as new Build Order

Pumba Zerg - Winner!

Build Orders: Pool First, Roach Hydra 

Get SALT Encoding   

  12  0:00  Drone  
  13  0:12  Overlord  
  13  0:16  Drone  
  14  0:30  Drone  
  14  0:31  Drone  
  16  0:36  Drone  
  17  0:45  Spawning Pool  
  17  0:48  Drone  
  17  1:07  Hatchery  
  17  1:11  Drone  
  17  1:16  Extractor  
  17  1:17  Drone  
  17  1:23  Drone  
  18  1:36  Zergling x2, Queen  
  21  1:40  Overlord  
  21  1:50  Drone  
  22  2:02  Drone  
  23  2:11  Queen, Drone  
  26  2:19  Metabolic Boost  
  26  2:22  Drone x2  
  28  2:34  Drone  
  28  2:35  Drone  
  30  2:41  Hatchery  
  28  2:50  Drone x3  
  31  3:00  Queen, Drone x3  
  36  3:09  Overlord  
  36  3:11  Overlord  
  36  3:20  Extractor  
  36  3:21  Zergling x4, Extractor  
  36  3:22  Zergling x2, Extractor  
  39  3:28  Zergling x8  
  39  3:30  Overlord  
  43  3:35  Drone x2  
  45  3:46  Drone x2  
  47  3:52  Drone x4  
  47  3:55  Drone  
  52  3:59  Drone x2  
  54  4:03  Overlord  
  54  4:04  Drone x2  
  54  4:05  Queen  
  56  4:17  Queen  
  56  4:21  Spore Crawler x2  
  56  4:23  Spore Crawler  
  55  4:24  Drone x4  
  55  4:27  Drone  
  59  4:41  Drone x5, Overlord x2  
  64  4:46  Roach Warren  
  63  5:02  Drone x4  
  63  5:03  Lair  
  63  5:04  Extractor  
  66  5:07  Extractor  
  66  5:08  Drone x3, Extractor  
  66  5:12  Queen  
  69  5:18  Overlord x3  
  69  5:19  Overlord  
  69  5:20  Drone x3  
  72  5:27  Drone x2  
  75  5:28  Drone  
  75  5:30  Drone x3  
  75  5:33  Extractor  
  75  5:34  Extractor  
  76  5:36  Evolution Chamber x2  
  76  5:41  Zergling x2  
  76  5:42  Zergling x6  
  78  5:47  Drone x2  
  80  6:01  Roach x11  
  80  6:03  Zerg Missile Weapons Level 1  
  80  6:04  Zerg Ground Armor Level 1  
  102  6:09  Overseer  
  102  6:14  Overlord x3  
  102  6:15  Overlord  
  101  6:22  Drone x3  
  104  6:27  Drone x3  
  107  6:33  Drone  
  107  6:34  Drone x2  
  110  6:41  Glial Reconstitution  
  110  6:42  Hatchery, Extractor x2  
  107  6:49  Roach x6  
  107  6:51  Hydralisk Den  
  118  7:07  Overlord  
  118  7:08  Overlord  
  118  7:10  Overlord x3  
  118  7:16  Roach x6  
  130  7:25  Overlord x3  
  130  7:27  Grooved Spines  
  130  7:35  Hydralisk x2  
  130  7:36  Hydralisk x2  
  138  7:42  Hydralisk x7  
  152  7:52  Overseer  
  152  7:55  Hydralisk x5  
  162  8:01  Hydralisk  
  162  8:02  Hydralisk  
  166  8:15  Hydralisk x4  
  174  8:21  Hydralisk x2  
  174  8:23  Roach  
  180  8:34  Zerg Missile Weapons Level 2  
  180  8:39  Muscular Augments  
  180  8:48  Hydralisk x5  
  172  8:51  Roach x2  
  172  8:52  Roach  
  172  8:53  Hatchery  
  187  8:57  Ravager  
  184  9:12  Overseer  
  184  9:23  Zerg Ground Armor Level 2  
  174  9:24  Roach x6  
  174  9:25  Roach x3  
  183  9:41  Hydralisk x6  
  193  9:57  Infestation Pit  
  191  10:00  Lurker Den  
  191  10:06  Extractor x2  
  188  10:08  Drone x3  
  190  10:22  Roach  
  190  10:23  Roach x3  
  187  11:02  Spine Crawler  
  187  11:04  Spine Crawler  
  180  11:05  Spine Crawler x3  
  180  11:06  Spine Crawler  
  180  11:07  Spine Crawler x2  
  180  11:08  Spine Crawler  
  180  11:09  Spine Crawler x3  
  180  11:11  Spine Crawler x2  
  161  11:24  Hydralisk x9  
  161  11:25  Hydralisk x2, Hatchery  
  170  11:26  Spine Crawler  
Show
View Real Time Build Order
Export as new Build Order

llllllllllll Protoss 

Build Orders: 1 Gate Expand, Oracle Opening 

Get SALT Encoding   

  12  0:00  Probe  
  13  0:12  Probe  
  14  0:19  Pylon  
  14  0:25  Probe  
  15  0:37  Probe (Chrono Boost)  
  15  0:42  Gateway  
  16  0:48  Assimilator  
  16  0:49  Probe (Chrono Boost)  
  17  0:53  Probe (Chrono Boost)  
  18  1:03  Probe  
  19  1:16  Probe  
  20  1:25  Nexus  
  20  1:39  Cybernetics Core  
  20  1:40  Probe  
  20  1:45  Assimilator  
  21  1:52  Probe  
  22  1:56  Pylon  
  22  2:04  Probe  
  23  2:12  Adept (Chrono Boost)  
  25  2:16  Probe  
  26  2:26  Stargate  
  26  2:35  Adept  
  27  2:45  Probe (Chrono Boost)  
  27  2:47  Probe (Chrono Boost)  
  27  2:49  Warp Gate  
  29  2:57  Probe (Chrono Boost)  
  31  3:02  Probe (Chrono Boost)  
  31  3:03  Probe (Chrono Boost)  
  32  3:07  Void Ray (Chrono Boost)  
  32  3:09  Probe  
  37  3:16  Gateway, Probe  
  37  3:17  Stalker  
  40  3:21  Probe  
  40  3:23  Pylon  
  41  3:28  Probe  
  41  3:33  Probe  
  43  3:40  Probe  
  44  3:45  Probe  
  44  3:47  Oracle (Chrono Boost)  
  45  3:52  Probe  
  49  3:57  Nexus, Probe  
  50  4:03  Pylon  
  50  4:05  Probe  
  50  4:09  Probe  
  51  4:10  Adept  
  51  4:17  Probe  
  54  4:29  Pylon  
  54  4:30  Pylon  
  54  4:38  Assimilator  
  54  4:39  Assimilator  
  54  4:46  Robotics Facility  
  54  4:47  Probe x2, Void Ray (Chrono Boost)  
  54  4:48  Nexus  
  54  4:50  Pylon  
  54  4:51  Adept, Pylon  
  54  4:52  Adept  
  64  4:59  Probe  
  65  5:00  Probe  
  65  5:04  Pylon  
  65  5:05  Pylon  
  66  5:11  Probe  
  66  5:12  Probe  
  68  5:23  Probe  
  68  5:27  Probe  
  70  5:32  Twilight Council  
  70  5:33  Forge  
  70  5:34  Robotics Bay  
  70  5:35  Probe (Chrono Boost)  
  71  5:36  Gateway  
  71  5:39  Probe (Chrono Boost)  
  72  5:44  Assimilator  
  72  5:47  Probe (Chrono Boost)  
  72  5:48  Assimilator  
  74  5:50  Probe (Chrono Boost)  
  74  5:53  Probe (Chrono Boost)  
  74  5:55  Probe (Chrono Boost)  
  73  5:58  Immortal (Chrono Boost)  
  73  6:01  Probe  
  73  6:04  Pylon  
  78  6:05  Probe x2  
  78  6:06  Protoss Ground Weapons Level 1 (Chrono Boost)  
  78  6:07  Sentry x2  
  84  6:21  Shield Battery  
  84  6:23  Gateway  
  85  6:25  Probe  
  85  6:26  Probe  
  86  6:33  Immortal (Chrono Boost), Gateway  
  86  6:35  Gateway  
  90  6:40  Stalker x2  
  90  6:42  Probe  
  90  6:43  Probe  
  90  6:44  Probe  
  97  6:48  Pylon  
  97  6:51  Extended Thermal Lance  
  97  6:55  Pylon  
  97  6:56  Sentry  
  97  6:59  Probe x3  
  102  7:05  Stalker  
  104  7:10  Gateway  
  104  7:11  Probe x2  
  104  7:13  Stalker  
  108  7:18  Gateway  
  108  7:23  Gateway, Stalker  
  108  7:29  Gateway  
  110  7:32  Colossus (Chrono Boost)  
  116  7:40  Stalker x2  
  116  7:42  Sentry x3  
  126  7:46  Stalker  
  128  7:52  Gateway, Pylon  
  128  7:56  Protoss Ground Weapons Level 2 (Chrono Boost)  
  128  8:05  Pylon  
  128  8:06  Stalker x2  
  128  8:07  Pylon  
  128  8:09  Stalker  
  128  8:10  Gateway  
  128  8:12  Stalker  
  136  8:16  Warp Prism (Chrono Boost)  
  138  8:22  Templar Archives  
  138  8:29  Stalker x3  
  138  8:33  Stalker  
  146  8:41  Stalker x2  
  150  8:49  Stalker x3  
  156  8:58  Observer (Chrono Boost)  
  155  9:08  Pylon  
  155  9:09  Stalker  
  157  9:10  Stalker x4  
  164  9:23  Stalker  
  164  9:27  Pylon  
  164  9:28  Pylon  
  164  9:29  Pylon  
  163  9:32  Pylon  
  159  9:40  Immortal (Chrono Boost)  
  159  9:43  Stalker  
  165  9:58  Photon Cannon  
  165  9:59  Photon Cannon  
  165  10:00  Shield Battery, Stalker x3  
  171  10:07  Pylon  
  170  10:33  Nexus  
  158  10:37  Stalker x2  
  130  10:58  Stalker x3  
  130  10:59  Stalker x5  
  144  11:04  Zealot  
  144  11:05  Zealot x3  
Tags
 
Add a new tag
Caveats
  • Supply blocks, unpowered buildings, or Contaminate may cause inaccurate times.
  • Supply counts are checked every 10 seconds.